Map: Submarine LE

Players

Dream

  • Race: Terran Terran
  • League: Master
  • Spawn Location: 11:00

Dear - Winner!

  • Race: Protoss Protoss
  • Spawn Location: 5:00

Event: War Chest Team League

VOD

Have the link to the VOD?

Description

Time

  • Played on: Aug. 7, 2020, 9:52 a.m.
  • Length: 11:02
Show
View Real Time Build Order
Export as new Build Order

Dream Terran 

Build Orders: Hellion Opening 

Get SALT Encoding   

  12  0:00  SCV  
  13  0:13  SCV  
  14  0:17  Supply Depot  
  14  0:25  SCV  
  15  0:38  SCV  
  15  0:39  Barracks  
  16  0:43  Refinery  
  16  0:50  SCV  
  17  1:02  SCV  
  18  1:15  SCV  
  19  1:27  Marine  
  19  1:28  Orbital Command  
  20  1:39  Command Center  
  20  1:53  Factory  
  20  1:54  SCV  
  21  2:03  Barracks Reactor, Supply Depot  
  21  2:08  SCV  
  22  2:14  Bunker  
  22  2:20  SCV  
  23  2:32  SCV  
  24  2:41  Starport  
  24  2:44  Hellion x2, SCV  
  29  2:51  Orbital Command  
  29  2:56  SCV  
  30  3:05  Hellion x2  
  34  3:08  SCV  
  35  3:12  Refinery  
  35  3:14  Barracks Tech Lab  
  35  3:19  SCV  
  36  3:20  SCV  
  36  3:26  Medivac  
  39  3:29  Hellion  
  39  3:30  Hellion  
  39  3:34  SCV x2  
  45  3:43  Supply Depot  
  45  3:45  Supply Depot  
  45  3:46  SCV  
  46  4:04  Marine x2  
  46  4:05  Siege Tank, SCV x2  
  46  4:07  Barracks  
  53  4:10  Barracks  
  53  4:17  SCV x2  
  53  4:22  Marine x2  
  49  4:29  SCV  
  49  4:30  SCV  
  45  4:31  Engineering Bay, Refinery  
  45  4:37  Siege Tank  
  48  4:40  Marine x2  
  48  4:42  Bunker  
  48  4:43  SCV  
  51  4:48  Starport Reactor  
  51  4:49  SCV  
  52  4:55  SCV  
  52  4:57  Terran Infantry Weapons Level 1  
  52  4:59  Barracks Tech Lab x2  
  53  5:00  Marine x2  
  53  5:03  SCV  
  56  5:07  SCV  
  55  5:15  SCV  
  55  5:17  Marine  
  55  5:18  Marine  
  55  5:19  SCV  
  58  5:26  Marauder, Stimpack  
  58  5:27  Concussive Shells, SCV  
  58  5:28  Supply Depot  
  61  5:32  SCV  
  61  5:35  Supply Depot  
  62  5:38  Supply Depot  
  62  5:39  Starport Reactor  
  62  5:42  Refinery  
  62  5:47  SCV  
  67  5:50  Marauder x2, SCV  
  67  5:51  Supply Depot  
  67  5:52  Marine x2  
  69  5:59  Siege Tank, SCV  
  69  6:02  Supply Depot, SCV  
  75  6:11  SCV  
  75  6:12  Marauder, Supply Depot, Marine  
  75  6:13  Marauder, Supply Depot, Marine  
  75  6:14  SCV  
  75  6:16  Medivac  
  84  6:18  Medivac  
  86  6:28  Command Center  
  86  6:32  Siege Tank  
  89  6:35  Marine x2  
  89  6:36  Marauder  
  89  6:39  Marauder  
  95  6:42  Supply Depot  
  95  6:44  Combat Shield  
  95  6:49  Barracks  
  95  6:52  Marine  
  95  6:53  Marine  
  97  6:54  Terran Infantry Armor Level 1  
  97  6:56  Barracks, SCV  
  98  7:03  SCV  
  98  7:07  Marauder  
  98  7:08  Marauder  
  103  7:09  Supply Depot  
  103  7:14  SCV  
  103  7:15  SCV  
  108  7:18  Medivac  
  108  7:19  Medivac  
  108  7:20  Marine x2  
  108  7:21  Supply Depot  
  111  7:26  SCV  
  111  7:27  Siege Tank, SCV  
  113  7:39  Marauder x2  
  113  7:40  SCV x2  
  113  7:42  Orbital Command  
  116  7:44  Marine  
  116  7:45  Barracks Tech Lab, Marine  
  116  7:46  Barracks Reactor  
  115  7:52  SCV  
  115  8:02  Marauder x2, Marine x2  
  116  8:07  SCV  
  116  8:08  SCV, Orbital Command  
  116  8:16  Marauder  
  116  8:18  Siege Tank  
  120  8:23  Viking x2  
  120  8:25  Marine x2  
  125  8:28  Marine x2  
  125  8:29  Marauder x2  
  125  8:31  SCV x2  
  133  8:39  SCV  
  134  8:43  SCV x2  
  134  8:45  Refinery  
  134  8:47  Refinery  
  136  8:49  Supply Depot  
  136  8:51  Supply Depot, SCV  
  136  8:52  Marine  
  136  8:53  Marine x3  
  141  8:57  Marauder  
  141  8:58  Marauder  
  148  9:10  Viking, Missile Turret  
  148  9:11  Supply Depot  
  148  9:15  Viking  
  148  9:16  Marine  
  148  9:17  Marine x3  
  150  9:23  Command Center  
  153  9:25  Marauder  
  153  9:26  Marauder  
  153  9:30  Marauder  
  158  9:33  Ghost Academy  
  158  9:36  Sensor Tower  
  158  9:46  Marine x3  
  158  9:47  Marine  
  160  10:00  Marauder x3  
  160  10:04  Marine x2  
  168  10:10  SCV x3  
  115  10:15  Marine x2  
  115  10:19  Siege Tank  
  81  10:21  Marauder  
  81  10:22  Marauder x2, SCV x2  
  67  10:30  Marine x2  
  67  10:34  SCV  
  54  10:35  Marine  
Show
View Real Time Build Order
Export as new Build Order

Dear Protoss - Winner!

Build Orders: 1 Gate Expand, Blink Stalkers, Colossus Rush 

Get SALT Encoding   

  12  0:00  Probe  
  13  0:12  Probe  
  14  0:16  Pylon  
  14  0:24  Probe (Chrono Boost)  
  15  0:36  Gateway, Probe (Chrono Boost)  
  16  0:44  Probe (Chrono Boost)  
  16  0:45  Assimilator  
  17  0:50  Probe  
  18  1:03  Probe  
  19  1:15  Probe  
  20  1:23  Cybernetics Core  
  20  1:31  Nexus  
  20  1:35  Probe  
  21  1:41  Pylon  
  21  1:47  Probe  
  21  1:49  Assimilator  
  22  1:57  Adept (Chrono Boost)  
  22  1:59  Warp Gate (Chrono Boost), Probe  
  25  2:11  Probe (Chrono Boost)  
  26  2:20  Stalker  
  29  2:23  Probe (Chrono Boost)  
  29  2:30  Probe (Chrono Boost)  
  29  2:31  Gateway  
  30  2:40  Probe (Chrono Boost)  
  30  2:44  Twilight Council  
  31  2:45  Probe (Chrono Boost)  
  33  2:55  Probe x2 (Chrono Boost)  
  33  2:57  Stalker  
  36  3:00  Probe (Chrono Boost)  
  36  3:02  Probe  
  38  3:07  Shield Battery  
  38  3:13  Probe  
  38  3:14  Probe  
  38  3:18  Pylon  
  40  3:20  Blink (Chrono Boost)  
  40  3:25  Probe  
  40  3:26  Probe  
  42  3:30  Shield Battery  
  42  3:39  Probe x2  
  44  3:42  Stalker  
  44  3:44  Stalker  
  48  3:51  Robotics Facility  
  48  3:53  Probe x2  
  50  3:58  Pylon  
  50  4:03  Assimilator  
  50  4:05  Probe x2  
  50  4:06  Assimilator  
  52  4:13  Stalker  
  52  4:17  Stalker  
  52  4:21  Probe x2  
  51  4:33  Probe x2  
  53  4:40  Observer  
  53  4:44  Forge  
  55  4:45  Probe (Chrono Boost)  
  55  4:46  Probe (Chrono Boost)  
  55  4:51  Pylon  
  55  4:52  Robotics Bay  
  56  4:57  Probe (Chrono Boost)  
  56  4:58  Probe (Chrono Boost)  
  58  5:03  Probe x2 (Chrono Boost)  
  60  5:12  Probe x2  
  60  5:23  Protoss Ground Weapons Level 1, Observer  
  60  5:24  Probe x2  
  60  5:27  Nexus  
  63  5:31  Pylon  
  63  5:33  Sentry x2  
  67  5:36  Probe x2  
  67  5:40  Pylon  
  69  5:46  Colossus (Chrono Boost)  
  75  5:51  Extended Thermal Lance (Chrono Boost)  
  75  5:53  Probe  
  75  5:54  Probe  
  77  6:00  Gateway  
  77  6:03  Gateway  
  77  6:08  Gateway  
  77  6:12  Gateway  
  77  6:26  Colossus (Chrono Boost)  
  77  6:27  Stalker  
  85  6:35  Charge, Pylon  
  85  6:39  Stalker, Shield Battery  
  87  6:45  Probe x3  
  87  6:46  Pylon  
  90  6:53  Stalker  
  92  6:58  Sentry, Stalker  
  96  7:03  Pylon  
  96  7:04  Pylon  
  96  7:07  Colossus (Chrono Boost)  
  96  7:09  Probe x3  
  105  7:21  Probe x3  
  108  7:23  Assimilator  
  108  7:26  Zealot  
  108  7:27  Assimilator, Zealot x3  
  116  7:31  Protoss Ground Weapons Level 2 (Chrono Boost)  
  112  7:52  Probe x3  
  112  7:53  Templar Archives  
  107  7:59  Zealot x2  
  107  8:00  Zealot  
  107  8:03  Immortal (Chrono Boost)  
  107  8:08  Zealot x3  
  117  8:15  Gateway x2  
  117  8:22  Zealot x3  
  117  8:26  Pylon  
  123  8:28  Pylon  
  123  8:29  High Templar  
  123  8:30  High Templar, Zealot  
  123  8:32  Immortal (Chrono Boost)  
  129  8:37  Archon  
  132  8:44  Pylon  
  132  8:46  Pylon, High Templar  
  132  8:47  High Templar, Zealot  
  138  8:54  Archon, Warp Prism, Zealot  
  138  9:03  High Templar x2  
  144  9:13  Gateway, Nexus  
  144  9:14  Pylon  
  144  9:15  High Templar x2  
  144  9:16  Archon, Zealot x2  
  152  9:17  Gateway  
  152  9:24  Archon, Zealot x2  
  156  9:39  High Templar x2, Zealot x2  
  156  9:43  Archon  
  156  9:45  Stalker x2  
  166  9:47  Zealot  
  166  9:48  Zealot  
  165  10:00  Zealot x2  
  163  10:09  Zealot x5  
  148  10:20  Stalker x5  
  109  10:41  Zealot x5  
  105  10:45  Probe x4  
  101  10:52  High Templar x2  
  101  10:53  Zealot x3  
Tags
 
Add a new tag
Caveats
  • Supply blocks, unpowered buildings, or Contaminate may cause inaccurate times.
  • Supply counts are checked every 10 seconds.